 Dungeon Crawl Stone Soup version 0.23-a0-644-gb60d84b (webtiles) character file.

7680 zishaf the Fighter (level 11, -7/62 HPs)
             Began as a Vine Stalker Assassin on Jan 1, 2019.
             Was a Priest of Uskayaw.
             Mangled by a two-headed ogre
             ... wielding a +0 giant spiked club
              (16 damage)
             ... on level 11 of the Dungeon.
             The game lasted 00:15:11 (8948 turns).

zishaf the Fighter (Vine Stalker Assassin)          Turns: 8948, Time: 00:15:12

Health: -7/62      AC: 20    Str: 17    XL:     11   Next: 19%
Magic:  0/16       EV: 13    Int: 11    God:    Uskayaw [***...]
Gold:   886        SH:  7    Dex: 16    Spells: 10/10 levels left

rFire    + . .     SeeInvis .   a - +5 flail "Iblyc Weh" {protect, rF+}
rCold    . . .     Gourm    .   R - +2 buckler
rNeg     . . .     Faith    .   j - +0 scale mail
rPois    .         Spirit   +   (no helmet)
rElec    .         Reflect  .   d - +0 cloak
rCorr    .         Harm     .   (no gloves)
MR       ++...                  z - +2 pair of boots
Stlth    ++........             p - amulet of regeneration
HPRegen  1.00/turn              F - ring of protection from magic
MPRegen  0.15/turn              A - +3 ring of evasion

@: protection aura
A: fangs 3, regeneration 1, magic shield, antimagic bite, no potion heal 3, rot
immunity
a: Stomp, Line Pass, Renounce Religion


You were on level 11 of the Dungeon.
You worshipped Uskayaw.
Uskayaw was noncommittal.
You were not hungry.

You visited 2 branches of the dungeon, and saw 12 of its levels.

You collected 886 gold pieces.

Inventory:

Hand Weapons
 a - the +5 flail "Iblyc Weh" (weapon) {protect, rF+}
   (You found it on level 4 of the Dungeon)

   It protects the one who uses it against injury (+AC on strike).
   It protects you from fire.
 b - a +1 hunting sling of velocity
 w - a +0 blowgun
 K - the +7 whip "Jacwij" {slash, rF+++}
   (You found it on level 6 of the Dungeon)

   It inflicts extra damage upon your enemies.
   It renders you almost immune to fire.
Missiles
 e - 59 poisoned needles
 f - 2 curare-tipped needles {!f}
 l - 497 stones (quivered)
 n - 59 sling bullets
Armour
 d - a +0 cloak (worn)
 j - a +0 scale mail (worn)
 z - a +2 pair of boots (worn)
 R - a +2 buckler (worn)
Jewellery
 o - an uncursed ring of see invisible
 p - an amulet of regeneration (around neck)
 t - an uncursed ring of positive energy
 u - an uncursed ring of flight
 A - a +3 ring of evasion (right hand)
 F - a ring of protection from magic (left hand)
 H - an uncursed ring of stealth
 O - the cursed ring "Jorucwa" {-Tele rC+++ Str-2 Dex+2 SInv}
   (You took it off a crimson imp on level 7 of the Dungeon)

   [ring of strength]

   It affects your strength (-2).
   It affects your dexterity (+2).
   It renders you almost immune to cold.
   It lets you see invisible.
   It prevents most forms of teleportation.
   It has a curse placed upon it.
Wands
 m - a wand of digging (5)
 E - a wand of paralysis (7)
 M - a wand of disintegration (21)
 N - a wand of polymorph (16)
Scrolls
 c - 4 scrolls of fog
 h - 4 scrolls of teleportation
 q - 2 scrolls of fear {unknown}
 v - 4 scrolls of remove curse
 x - a scroll of brand weapon {unknown}
 y - a scroll of amnesia {unknown}
 G - 2 scrolls of blinking {unknown}
 L - 5 scrolls of magic mapping
Potions
 i - 3 potions of invisibility
 k - 3 potions of curing
 r - 2 potions of resistance
 s - 2 potions of lignification
 B - 2 potions of cancellation {unknown}
 C - a potion of might
 D - 2 potions of berserk rage {unknown}
 I - 2 potions of brilliance {unknown}
 J - 2 potions of ambrosia {unknown}
 P - a potion of mutation {unknown}
Comestibles
 g - 23 rations
 Q - 9 chunks of flesh


   Skills:
 + Level 9.4 Fighting
   Level 5.0 Short Blades
 - Level 1.7 Throwing
 + Level 8.3 Armour
 - Level 1.1 Dodging
 - Level 5.0 Stealth
 - Level 4.0 Shields
 + Level 6.1 Invocations


You had 10 spell levels left.
You didn't know any spells.
Your spell library was empty.

Dungeon Overview and Level Annotations

Branches:
Dungeon (11/15)            Temple (1/1) D:6            Lair (0/6) D:9
    Orc: D:9-12

Altars:
Ashenzari
Cheibriados
Dithmenos
Fedhas
Gozag
Kikubaaqudgha
Makhleb
Okawaru
Qazlal
Ru
Sif Muna
Trog
Uskayaw
Vehumet
Wu Jian
Xom
Yredelemnul
The Shining One

Annotations:
D:11 2 transporters, howech's ghost, journeyman MiFi


Innate Abilities, Weirdness & Mutations

You have razor-sharp teeth.
Your natural rate of healing is unusually fast.
When hurt, damage is shared between your health and your magic reserves.
Your bite disrupts and absorbs the magic of your enemies.
Potions cannot restore your health.
You are immune to rotting.


Message History

You hit the two-headed ogre.
The two-headed ogre is severely wounded.
The two-headed ogre is no longer paralysed.
You block the two-headed ogre's attack. The two-headed ogre misses you.
The phantom hits you. The phantom misses you.
The white ugly thing barely misses you.
You thump the two-headed ogre!
The two-headed ogre is almost dead.
The two-headed ogre hits you with a +0 giant spiked club!!
The two-headed ogre misses you. You block the phantom's attack.
The white ugly thing tail-slaps you! The white ugly thing freezes you!
* * * LOW HITPOINT WARNING * * *
The two-headed ogre hits you but does no damage.
The two-headed ogre barely misses you.
You barely miss the two-headed ogre. You bite the two-headed ogre.
You drain its power.
You feel invigorated.
The two-headed ogre is almost dead.
You block the phantom's attack. The white ugly thing misses you.
The two-headed ogre hits you with a +0 giant spiked club!!
You die...

... ......
...... <.....
######
......####.$....
...............
#........#..#
#..........#
#.....O@W.###
......u.†.#
..."####..# ...
#...# y### .#
##.### .# $..
.##yy#..### #.
.# #y..#... #.
.. ###$)©[? #
############


You could see a white ugly thing, a two-headed ogre, a phantom and 3 killer
bees.

Vanquished Creatures
  2 two-headed ogres
  Pikel (D:7)
  A cyclops (D:11)
  An ugly thing (D:10)
  A troll (D:10)
  3 hippogriffs
  Prince Ribbit (D:6)
  A wraith (D:11)
  A sky beast (D:5)
  An ice beast (D:5)
  2 orc warriors
  4 phantoms
  3 black bears
  2 ogres (D:4)
  4 centaurs
  A crocodile (D:9)
  Blork the orc (D:5)
  6 bullfrogs
  2 wyvern skeletons
  3 scorpions
  10 killer bees
  A howler monkey (D:11)
  3 crimson imps
  A bullfrog zombie (D:10)
  3 jellies (D:9)
  A centaur zombie (D:7)
  4 hounds
  Crazy Yiuf (D:6)
  5 orc priests
  7 orc wizards
  2 iguanas
  Terence (D:2)
  11 worker ants
  2 hound zombies (D:6)
  A howler monkey zombie (D:3)
  A worker ant zombie (D:5)
  10 adders
  4 shadow imps
  7 oozes
  An adder zombie (D:6)
  2 adder skeletons
  3 worms
  A dart slug (D:4)
  8 leopard geckos
  18 orcs
  A ball python (D:2)
  6 bats
  4 giant cockroaches
  12 goblins
  5 hobgoblins
  12 jackals
  11 kobolds
  4 quokkas
  13 frilled lizards
  A jackal skeleton (D:6)
  A jackal zombie (D:6)
  6 rats
225 creatures vanquished.

Vanquished Creatures (others)
  A slave (D:7)
1 creature vanquished.

Grand Total: 226 creatures vanquished

Notes
Turn   | Place    | Note
-------+----------+-------------------------------------------
     0 | D:1      | zishaf the Vine Stalker Assassin began the quest for the
                  | Orb.
     0 | D:1      | Reached XP level 1. HP: 11/11 MP: 2/2
   173 | D:1      | Reached skill level 1 in Dodging
   173 | D:1      | Reached XP level 2. HP: 12/15 MP: 1/3
   196 | D:1      | Reached skill level 5 in Stealth
   200 | D:1      | Reached skill level 2 in Fighting
   906 | D:1      | Reached XP level 3. HP: 18/18 MP: 4/4
  1429 | D:2      | Noticed Terence
  1455 | D:2      | Killed Terence
  1465 | D:1      | Gained mutation: Your natural rate of healing is unusually
                  | fast. [Vine Stalker growth]
  1465 | D:1      | Reached XP level 4. HP: 14/23 MP: 3/5
  1675 | D:2      | Reached skill level 1 in Armour
  1776 | D:2      | Found a glowing golden altar of the Shining One.
  1776 | D:2      | Found a burning altar of Makhleb.
  2200 | D:3      | Reached XP level 5. HP: 27/27 MP: 6/6
  2677 | D:3      | Found a stormy altar of Qazlal.
  2959 | D:4      | Found a snail-covered altar of Cheibriados.
  3028 | D:4      | Reached skill level 3 in Fighting
  3038 | D:4      | Found an opulent altar of Gozag.
  3113 | D:4      | Reached XP level 6. HP: 26/32 MP: 4/7
  3544 | D:4      | Reached XP level 7. HP: 29/37 MP: 6/8
  3718 | D:4      | Got a scorched flail
  3719 | D:4      | Identified the +5 flail "Iblyc Weh" {protect, rF+} (You
                  | found it on level 4 of the Dungeon)
  3768 | D:4      | Reached skill level 4 in Fighting
  4370 | D:5      | Entered Level 5 of the Dungeon
  4523 | D:5      | Reached skill level 5 in Short Blades
  4545 | D:5      | Gained mutation: You have razor-sharp teeth. [Vine Stalker
                  | growth]
  4545 | D:5      | Reached XP level 8. HP: 38/42 MP: 7/9
  4799 | D:5      | Noticed Blork the orc
  4810 | D:5      | Killed Blork the orc
  4810 | D:5      | Reached skill level 5 in Fighting
  5172 | D:6      | Found a staircase to the Ecumenical Temple.
  5180 | D:6      | Reached skill level 6 in Fighting
  5180 | D:6      | Reached skill level 5 in Armour
  5188 | Temple   | Entered the Ecumenical Temple
  5255 | Temple   | Became a worshipper of Uskayaw the Reveler
  5397 | D:6      | Reached * piety under Uskayaw
  5441 | D:6      | Noticed Prince Ribbit
  5446 | D:6      | Reached ** piety under Uskayaw
  5451 | D:6      | Killed Prince Ribbit
  5451 | D:6      | Reached XP level 9. HP: 31/49 MP: 5/10
  5673 | D:6      | Got a transparent whip
  5688 | D:6      | Reached *** piety under Uskayaw
  5692 | D:6      | Identified the +7 whip "Jacwij" {slash, rF+++} (You found
                  | it on level 6 of the Dungeon)
  5815 | D:6      | Found a runed door.
  5947 | D:6      | Noticed Crazy Yiuf
  5952 | D:6      | Killed Crazy Yiuf
  6007 | D:7      | Reached skill level 7 in Fighting
  6034 | D:7      | Noticed Pikel
  6059 | D:7      | Killed Pikel
  6198 | D:7      | Reached **** piety under Uskayaw
  6274 | D:7      | Identified the cursed ring "Jorucwa" {-Tele rC+++ Str-2
                  | Dex+2 SInv}
  6280 | D:7      | Reached skill level 1 in Invocations
  6417 | D:8      | Found an iron altar of Okawaru.
  6437 | D:7      | Reached ***** piety under Uskayaw
  6576 | D:7      | Reached skill level 8 in Fighting
  6875 | D:8      | Reached XP level 10. HP: 51/56 MP: 11/13
  7088 | D:8      | Noticed a two-headed ogre
  7103 | D:8      | Killed a two-headed ogre
  7256 | D:8      | Found a deep blue altar of Sif Muna.
  7444 | D:9      | Noticed a two-headed ogre
  7460 | D:9      | Killed a two-headed ogre
  7892 | D:9      | Found a staircase to the Lair.
  8243 | D:10     | Entered Level 10 of the Dungeon
  8250 | D:10     | Reached skill level 5 in Invocations
  8351 | D:10     | Noticed a white ugly thing
  8361 | D:10     | Killed a white ugly thing
  8361 | D:10     | Reached skill level 9 in Fighting
  8450 | D:10     | Reached XP level 11. HP: 38/62 MP: 16/16
  8851 | D:11     | Noticed a cyclops
  8863 | D:11     | Killed a cyclops
  8922 | D:11     | Found a transporter.
  8924 | D:11     | Found a transporter.
  8925 | D:11     | Noticed howech's ghost (journeyman MiFi)
  8936 | D:11     | Noticed a two-headed ogre
  8942 | D:11     | Noticed a white ugly thing
  8948 | D:11     | Mangled by a two-headed ogre

Vault maps used:
D:1:      evilmike_arrival_rings, serial_forest, infiniplex_forest_corner_1,
          infiniplex_forest_clump_double, infiniplex_forest_clump_double,
          infiniplex_forest_lined_room_3, hangedman_abyss_or_decor_lesser_grid,
          minmay_misc_feat_enclosed
D:2:      minitemple, uniq_terence
D:3:      minmay_chambers_of_twos, grunt_qazlal_sundering
D:4:      kennysheep_slug_shrine, nicolae_overflow_crystal_walls,
          serial_park_tiny_1
D:5:      first_ration, kennysheep_generic_room_2, uniq_blork_the_orc
D:6:      temple_fountains, minmay_misc_feat_doors, kennysheep_path_1,
          uniq_crazy_yiuf_cottage, uniq_prince_ribbit1
D:7:      uniq_pikel
D:8:      led_sif_pool, basic_altar
D:9:      lair_entry_dummy, serial_column_ruins, column_ruins_corridor_corner,
          column_ruins_grid_4, column_ruins_open_small, column_ruins_open_small,
          column_ruins_open_large, hangedman_little_slice_of_home
D:10:     minivault_26, minmay_misc_feat_hallway
D:11:     minmay_s_stair_smasher, serial_shops, nicolae_shop_statue_plus,
          gammafunk_ghost_hive, uniq_sonja
Temple:   minmay_crystal_spiral_temple

Skill      XL: |  1  2  3  4  5  6  7  8  9 10 11 |
---------------+----------------------------------+-----
Short Blades   | 2 3 4 5 |  5.0
Dodging        | 1 |  1.1
Stealth        | 5 |  5.0
Fighting       | 2 3 4 6 8 9 |  9.4
Armour         | 1 2 3 5 7 8 |  8.3
Invocations    | 3 5 6 |  6.1
Shields        | 4 |  4.0
Throwing       | |  1.7

Action                   |  1- 3 |  4- 6 |  7- 9 | 10-12 || total
-------------------------+-------+-------+-------+-------++-------
Melee: Dagger            |   100 |   178 |    12 |       ||   290
       Bite              |    21 |    57 |    72 |    69 ||   219
       Flail             |       |       |   203 |   214 ||   417
       Whip              |       |       |    25 |       ||    25
 Fire: Hunting sling     |       |   139 |    13 |     3 ||   155
       Blowgun           |       |       |     6 |       ||     6
  Use: Scroll            |       |     9 |     1 |     2 ||    12
 Stab: Sleeping          |     1 |       |     1 |     4 ||     6
       Paralysed         |       |       |     4 |    13 ||    17
  Eat: Chunk             |     1 |     7 |    10 |     5 ||    23
       Ration            |       |       |     1 |       ||     1
Armor: Robe              |    14 |       |       |       ||    14
       Chain mail        |    12 |       |       |       ||    12
       Scale mail        |    20 |    69 |   156 |   131 ||   376
       Ring mail         |       |    25 |       |       ||    25
Dodge: Dodged            |    62 |    91 |   232 |   175 ||   560
Block: Buckler           |       |       |       |   117 ||   117

Table legend:
 A = Non-vault XP
 B = Vault XP
 C = Vault XP percentage of total XP
 D = Non-vault monster count
 E = Vault monster count
 F = Vault count percentage of total count
                 A         B        C        D         E       F
            +---------+---------+-------+---------+---------+-------
      Total |    9609 |    1363 |  12.4 |     202 |      23 |  10.2
            +---------+---------+-------+---------+---------+-------
        D:1 |      53 |       0 |   0.0 |      29 |       0 |   0.0
        D:2 |      54 |      36 |  40.0 |      28 |       1 |   3.4
        D:3 |      90 |      32 |  26.2 |      19 |       8 |  29.6
        D:4 |     536 |       4 |   0.7 |      18 |       1 |   5.3
        D:5 |     600 |     238 |  28.4 |      13 |       2 |  13.3
        D:6 |     845 |     272 |  24.4 |      19 |       2 |   9.5
        D:7 |    1021 |     617 |  37.7 |      18 |       1 |   5.3
        D:8 |    1765 |       0 |   0.0 |      14 |       0 |   0.0
        D:9 |    1851 |     164 |   8.1 |      19 |       8 |  29.6
       D:10 |    1514 |       0 |   0.0 |      17 |       0 |   0.0
       D:11 |    1280 |       0 |   0.0 |       8 |       0 |   0.0
            +---------+---------+-------+---------+---------+-------
